Map: Concord LE

Players

riki - Winner!

  • Race: Zerg Zerg

Pineapple - Winner!

  • Race: Terran Terran

UkaChaka - Winner!

  • Race: Protoss Protoss

MuNi - Winner!

  • Race: Zerg Zerg
  • League: Platinum

Xetega

  • Race: Protoss Protoss

sergiy

  • Race: Terran Terran

IIIIIIIIIIII

  • Race: Protoss Protoss
  • League: Master

Woosixion

  • Race: Zerg Zerg

VOD

Have the link to the VOD?

Description

Time

  • Played on: March 4, 2022, 1:13 a.m.
  • Length: 35:47
Show
View Real Time Build Order
Export as new Build Order

riki Zerg - Winner!

Build Orders: Hatch First 

Get SALT Encoding   

  12  0:00  Drone  
  13  0:09  Drone  
  14  0:22  Overlord  
  14  0:41  Drone  
  14  0:42  Drone  
  16  0:53  Drone  
  17  0:57  Hatchery  
  17  0:58  Drone  
  17  1:14  Spawning Pool  
  17  1:16  Drone  
  17  1:20  Drone  
  17  1:23  Extractor  
  17  1:27  Extractor, Drone  
  17  1:35  Drone  
  18  1:52  Drone  
  19  1:57  Drone  
  20  2:09  Drone  
  20  2:11  Lair  
  20  2:13  Queen  
  20  2:14  Drone  
  24  2:19  Overlord  
  24  2:28  Drone  
  25  2:33  Zergling x4  
  27  2:41  Metabolic Boost  
  27  2:45  Drone  
  27  2:46  Drone  
  29  2:53  Drone  
  29  2:54  Drone  
  31  3:02  Drone  
  33  3:05  Drone  
  33  3:12  Nydus Network  
  32  3:13  Zergling x2  
  32  3:18  Hydralisk Den  
  32  3:20  Drone  
  32  3:26  Zergling x2, Drone  
  35  3:28  Zergling x2  
  35  3:32  Overlord  
  36  3:40  Overlord  
  36  3:46  Extractor  
  36  3:47  Drone  
  36  3:48  Extractor  
  35  3:53  Drone x3  
  38  3:56  Nydus Canal  
  38  4:02  Zergling x6  
  41  4:03  Zergling x2  
  38  4:25  Zergling x2  
  38  4:26  Zergling x8  
  43  4:33  Lurker Den  
  43  4:34  Grooved Spines  
  42  4:45  Drone x3  
  45  4:48  Nydus Canal  
  45  4:57  Zergling x4  
  47  5:11  Overlord  
  47  5:12  Overlord  
  47  5:13  Drone x4  
  50  5:31  Spore Crawler  
  49  5:35  Spore Crawler  
  48  5:43  Drone x4  
  48  5:44  Overlord  
  52  5:50  Evolution Chamber  
  52  5:51  Evolution Chamber  
  52  5:54  Hatchery  
  49  6:12  Extractor, Drone  
  49  6:13  Hydralisk x2  
  49  6:14  Hydralisk x3  
  59  6:31  Drone x3  
  62  6:39  Drone  
  63  6:42  Zerg Ground Armor Level 1  
  63  6:43  Zerg Missile Weapons Level 1  
  63  6:52  Spore Crawler  
  63  6:53  Muscular Augments  
  62  6:59  Nydus Network  
  61  7:02  Extractor  
  61  7:07  Nydus Canal  
  60  7:14  Hydralisk  
  60  7:15  Hydralisk x3  
  68  7:23  Spore Crawler  
  52  7:46  Hydralisk  
  52  7:47  Hydralisk x5  
  60  8:03  Spore Crawler  
  59  8:12  Drone x3  
  50  8:32  Spore Crawler  
  39  8:34  Spore Crawler  
  39  8:35  Spore Crawler  
  30  11:17  Hatchery  
  29  11:43  Hatchery  
  28  13:26  Drone x3  
  31  13:29  Drone x3  
  34  14:03  Drone  
  34  14:04  Drone x2  
  34  14:07  Drone x3  
Show
View Real Time Build Order
Export as new Build Order

Pineapple Terran - Winner!

Build Orders:  

Get SALT Encoding   

  12  0:12  Supply Depot  
  12  0:18  SCV  
  13  0:30  SCV  
  14  0:44  SCV  
  15  0:55  Barracks  
  15  0:58  Barracks  
  15  1:12  Barracks  
  15  1:16  SCV  
  16  1:42  Orbital Command  
  16  1:48  Marine  
  16  1:49  Barracks  
  17  1:55  Marine  
  18  2:02  Barracks  
  18  2:17  Marine x3  
  18  2:22  SCV  
  22  2:35  Marine  
  23  2:40  Supply Depot  
  23  2:42  Supply Depot  
  23  3:01  Marine x5  
  23  3:05  Barracks  
  28  3:19  Marine x4  
  29  3:26  Marine  
  27  3:37  Marine x4  
  31  3:44  Marine  
  32  3:52  Marine  
  32  3:54  Marine x4  
  37  4:01  Supply Depot  
  37  4:02  Marine  
  38  4:10  Marine  
  38  4:14  Supply Depot  
  39  4:23  Marine x5  
  44  4:28  Marine  
  44  4:40  Marine  
  44  4:41  Marine x4  
  49  4:45  Marine  
  50  4:58  Marine x5  
  55  5:03  Marine  
  48  5:16  Marine x5  
  53  5:21  Marine  
  50  5:34  Marine x2  
  50  5:35  Marine x3  
  53  5:39  Marine  
  46  5:52  Marine  
  46  5:53  Marine x2  
  37  5:57  Marine  
  37  6:03  Engineering Bay, SCV  
  36  6:31  Command Center  
  12  7:06  Missile Turret  
  12  7:08  Missile Turret  
  12  7:12  SCV  
  13  7:27  SCV, Barracks  
  14  7:31  Barracks  
  14  7:32  Barracks  
  14  7:40  SCV  
  16  7:45  Orbital Command  
  15  7:52  SCV  
  15  7:58  Barracks x2  
  16  8:04  Missile Turret, SCV  
  17  8:16  SCV  
  17  8:19  Marine  
  18  8:20  Marine  
  18  8:21  Marine  
  18  8:24  Marine  
  19  8:35  SCV  
  19  8:37  Marine x2  
  19  8:39  Marine  
  23  8:42  Marine  
  23  8:45  Marine x2  
  26  8:51  Terran Infantry Weapons Level 1  
  26  8:55  Marine x2  
  27  8:57  SCV x2, Marine  
  27  9:00  Marine  
  32  9:03  Marine x2  
  34  9:15  Marine x2  
  34  9:16  Marine  
  37  9:18  Marine  
  37  9:22  Marine x2  
  32  9:33  Marine x3  
  32  9:35  Marine  
  36  9:40  Marine x2  
  38  9:49  SCV x2  
  38  9:51  Marine x3  
  43  9:53  Marine  
  43  9:58  Marine x2  
  46  10:09  Marine x3, Barracks  
  46  10:12  Marine  
  50  10:15  Marine  
  50  10:19  Refinery  
  51  10:21  Refinery  
  51  10:24  SCV  
  51  10:25  SCV  
  51  10:27  Marine  
  51  10:28  Marine x3  
  56  10:30  Marine  
  58  10:36  SCV  
  58  10:37  SCV, Marine  
  61  10:45  Factory, Terran Infantry Armor Level 1, Marine  
  61  10:48  Marine x2  
  64  10:50  Marine  
  64  10:54  Marine  
  66  11:03  Marine x3  
  69  11:06  Marine  
  70  11:15  Supply Depot  
  70  11:18  Supply Depot  
  70  11:32  Supply Depot  
  70  11:37  Marine x7  
  77  11:41  Factory Tech Lab  
  77  11:42  Starport  
  77  11:55  Marine x3  
  77  11:56  SCV x2  
  82  12:05  Marine x2  
  82  12:06  Marine x2  
  86  12:12  Marine x3  
  89  12:16  Armory  
  89  12:23  Marine x3  
  89  12:28  Marine  
  93  12:30  Marine  
  94  12:40  Supply Depot  
  94  12:43  Supply Depot  
  94  13:01  Marine x7  
  101  13:06  Starport Reactor  
  101  13:07  Engineering Bay  
  101  13:09  Terran Infantry Weapons Level 2  
  101  13:19  Marine x7  
  108  13:35  Terran Infantry Armor Level 2  
  108  13:37  Marine x2  
  108  13:39  Barracks Tech Lab  
  108  13:40  Marine  
  110  13:42  Marine x2  
  109  14:00  Supply Depot  
  109  14:01  Supply Depot  
  109  14:02  Supply Depot  
  109  14:03  Stimpack  
  109  14:06  Supply Depot  
  109  14:07  Supply Depot  
  109  14:20  Barracks Reactor  
  109  14:21  Medivac x2  
  105  14:27  Barracks Reactor  
  77  14:32  Marine x3  
  77  14:33  Marine  
  77  14:38  Marine  
  60  14:50  Marine x3  
  60  14:51  Medivac x2  
  62  14:59  Marine x4  
  62  15:08  Marine x3  
  65  15:17  Marine x2  
  65  15:19  Marine x3  
  71  15:26  Barracks  
  71  15:27  Barracks x2  
  73  15:29  Barracks  
  71  15:35  Barracks Reactor  
  71  15:36  Barracks Reactor  
  71  15:38  Barracks Reactor  
  71  15:41  Barracks Reactor  
  70  15:43  Combat Shield  
  70  15:49  Command Center  
  70  15:55  Terran Infantry Weapons Level 3  
  70  15:56  Terran Infantry Armor Level 3  
  70  15:57  Marine x2  
  70  16:01  Marine  
  70  16:02  Marine  
  70  16:04  Marine  
  75  16:17  Marine x3  
  78  16:20  Barracks Reactor  
  78  16:21  Barracks Reactor x3  
  78  16:22  Marine  
  78  16:23  Marine  
  80  16:30  Marine x2  
  80  16:31  Marine  
  80  16:32  Marine  
  84  16:34  Marine  
  36  16:55  Marine x4  
  36  16:56  Marine x4  
  36  16:57  Marine x2  
  36  17:00  Marine  
  47  17:06  Marine x3  
  50  17:13  Orbital Command  
  50  17:20  SCV x2  
  50  17:21  Marine  
  50  17:22  Marine x3  
  56  17:25  Marine  
  56  17:26  Marine x2  
  59  17:32  SCV x2  
  59  17:33  Marine x3  
  59  17:34  Marine x4  
  59  17:35  Marine x4  
  59  17:36  Marine x3  
  75  17:39  Marine x2  
  75  17:41  Marine x2  
  75  17:43  Medivac, Marine  
  75  17:44  Medivac, Marine  
  85  18:00  Marine x2  
  85  18:01  Marine x5  
  85  18:02  Marine x4  
  85  18:03  Marine x3  
  85  18:04  Marine x2  
  101  18:08  Marine  
  101  18:09  Marine x4  
  106  18:18  Marine x2  
  108  18:32  Marine x5  
  108  18:33  Marine x4  
  91  18:34  Marine x3  
  91  18:35  Marine x3  
  91  18:36  Marine x3  
  91  18:40  Marine x2  
  91  18:41  Marine  
  78  18:49  Marine  
  78  18:50  Marine x5  
  78  18:51  Marine  
  78  18:55  Marine x2  
  85  18:56  Marine x5  
  85  18:57  Marine x4  
  85  19:02  SCV x3  
  99  19:14  SCV  
  100  19:20  Marine x2  
  100  19:21  Marine x3  
  100  19:22  Marine x4  
  100  19:23  Marine x4  
  100  19:24  Marine x3  
  113  19:28  Marine  
  117  19:31  Marine x2  
  117  19:32  Marine  
  120  19:43  Marine x3  
  120  19:44  Marine x3  
  126  19:55  SCV  
  126  19:56  SCV x2  
  129  20:09  Medivac x2  
  133  20:19  Marine  
  133  20:20  Marine x5  
  133  20:21  Marine x4  
  140  20:22  Marine x2  
  140  20:23  Marine  
  146  20:35  Marine x5  
  149  20:36  Marine x3  
  149  20:38  Marine  
  149  20:39  Medivac x2  
  159  20:48  Marine x3  
  89  21:07  Marine  
  89  21:08  Marine x5  
  89  21:09  Marine x6  
  89  21:10  Marine x4  
  88  21:19  Marine x2  
  88  21:20  Marine x2  
  88  21:24  Marine  
  88  21:25  Marine x2  
  93  21:26  Marine  
  96  21:37  Marine x4  
  96  21:38  Marine x5  
  96  21:39  Marine x4  
  108  21:40  Marine x2  
  109  21:59  Marine x4  
  109  22:00  Marine x5  
  109  22:01  Marine x5  
  119  22:02  Marine x5  
  119  22:03  Marine x2  
  105  22:17  Marine x5  
  105  22:18  Marine  
  105  22:19  Marine x5  
  105  22:20  Marine x2  
  114  22:27  Marine x4  
  118  22:34  Marine x5  
  118  22:35  Marine x5  
  112  22:42  Marine x3  
  96  22:45  Marine  
  96  22:51  Marine x3  
  86  22:54  Marine  
  84  23:06  Marine x2  
  84  23:07  Marine x3  
  89  23:16  Medivac  
  89  23:17  Medivac  
  89  23:18  Marine  
  94  23:29  Marine x3  
  94  23:30  Marine x4  
  101  23:43  Marine x3  
  101  23:44  Marine x6  
  110  23:56  Marine x3  
  110  23:57  Medivac, Marine  
  116  24:20  Marine  
  116  24:21  Marine x5  
  122  24:31  Marine x4  
  122  24:32  Marine x5  
  131  24:41  Marine  
  132  24:54  Medivac  
  134  25:14  Marine  
  134  25:15  Marine x4  
  139  25:25  Marine  
  139  25:40  Marine  
  139  25:41  Marine  
  139  25:42  Marine  
  46  25:57  Marine  
  46  25:58  Marine  
  48  26:10  Marine x3  
  51  26:17  Marine  
  51  26:18  Marine x3  
  55  26:28  Marine  
  55  26:31  Marine  
  55  26:32  Marine  
  58  26:33  Marine  
  58  26:34  Marine  
  60  26:41  Medivac  
  62  26:52  Marine x3  
  65  27:04  Marine x4  
  69  27:22  Marine x4  
  73  28:01  Command Center  
  73  28:06  Marine x2  
  73  28:07  Marine  
  76  28:37  Marine x4  
  76  28:38  Marine x2  
  82  28:44  Marine  
  83  28:55  Marine x3  
  86  29:02  Marine x2  
  88  29:10  Marine  
  88  29:11  Marine  
  90  29:35  Marine  
  90  29:36  Marine x4  
  90  29:37  Marine x3  
  90  29:38  Marine x2  
  100  29:51  Missile Turret  
  100  29:57  Marine x5  
  100  29:58  Marine x16  
  121  30:00  Medivac x2  
  125  30:14  Marine  
  125  30:15  Marine x5  
  125  30:16  Marine x6  
  137  30:44  Marine x3  
  137  30:45  Marine x5  
  137  30:46  Marine x6  
  137  30:47  Marine  
  152  30:57  Marine  
  152  30:58  Marine x4  
  152  30:59  Marine  
  156  31:29  Marine x5  
  156  31:30  Marine x12  
  156  31:31  Marine  
  90  31:33  Marine  
  75  31:41  Marine x2  
  75  31:46  Marine  
  75  31:47  Marine  
  79  32:02  Marine  
  79  32:03  Marine x10  
  90  32:12  Marine x5  
  92  32:33  Marine x8  
  92  32:34  Marine x12  
  112  32:49  Marine  
  112  32:51  Marine x5  
  118  33:02  Marine x3  
  118  33:03  Marine x10  
  131  33:16  Marine x3  
  131  33:17  Marine x5  
  139  33:20  Marine x5  
  141  34:01  Marine x11  
  112  34:15  Marine x3  
  49  34:53  Medivac x2  
  53  35:00  Marine x2  
  55  35:13  Marine x3  
Show
View Real Time Build Order
Export as new Build Order

UkaChaka Protoss - Winner!

Build Orders: Carriers 

Get SALT Encoding   

  12  0:01  Probe (Chrono Boost)  
  13  0:13  Probe (Chrono Boost)  
  14  0:22  Probe  
  14  0:25  Pylon  
  15  0:43  Probe  
  15  0:44  Forge  
  16  0:55  Probe (Chrono Boost)  
  17  1:07  Probe (Chrono Boost)  
  18  1:14  Probe (Chrono Boost)  
  19  1:21  Probe  
  20  1:35  Pylon  
  20  1:41  Photon Cannon  
  20  1:56  Pylon  
  20  2:02  Photon Cannon  
  20  2:09  Photon Cannon  
  20  2:11  Photon Cannon  
  18  2:52  Probe (Chrono Boost)  
  18  2:56  Nexus, Assimilator  
  19  3:02  Assimilator, Pylon, Probe (Chrono Boost)  
  20  3:06  Probe (Chrono Boost)  
  21  3:15  Gateway  
  21  3:18  Probe  
  22  3:27  Pylon  
  22  3:30  Probe (Chrono Boost)  
  23  3:42  Probe (Chrono Boost)  
  23  3:46  Photon Cannon  
  24  3:48  Photon Cannon  
  24  3:49  Probe (Chrono Boost)  
  25  3:57  Probe  
  26  4:06  Pylon  
  26  4:09  Probe  
  27  4:11  Photon Cannon  
  27  4:19  Photon Cannon  
  27  4:33  Pylon  
  27  4:41  Probe (Chrono Boost)  
  28  4:46  Assimilator  
  28  4:50  Assimilator, Probe (Chrono Boost)  
  28  4:51  Probe (Chrono Boost)  
  30  4:57  Cybernetics Core, Probe (Chrono Boost)  
  30  4:59  Probe (Chrono Boost)  
  32  5:02  Probe (Chrono Boost)  
  33  5:07  Probe  
  33  5:11  Photon Cannon  
  33  5:14  Probe  
  35  5:16  Photon Cannon  
  35  5:19  Probe  
  36  5:23  Photon Cannon  
  35  5:47  Photon Cannon  
  35  5:50  Photon Cannon  
  35  5:51  Photon Cannon  
  35  5:56  Pylon  
  35  5:59  Stargate  
  35  6:02  Stargate  
  35  6:04  Stargate, Probe (Chrono Boost)  
  36  6:14  Probe (Chrono Boost)  
  37  6:19  Probe (Chrono Boost)  
  37  6:24  Pylon  
  38  6:32  Probe (Chrono Boost)  
  39  6:41  Cybernetics Core, Probe (Chrono Boost)  
  39  6:44  Phoenix  
  39  6:46  Phoenix, Probe (Chrono Boost)  
  44  6:48  Phoenix  
  47  6:58  Probe  
  48  7:03  Photon Cannon  
  48  7:07  Photon Cannon  
  48  7:10  Probe  
  50  7:22  Probe  
  50  7:30  Phoenix  
  50  7:33  Nexus  
  50  7:35  Probe (Chrono Boost)  
  54  7:40  Probe (Chrono Boost)  
  54  7:41  Pylon  
  55  7:45  Pylon, Probe (Chrono Boost)  
  55  7:49  Pylon  
  55  7:50  Probe (Chrono Boost)  
  56  8:01  Probe  
  57  8:08  Fleet Beacon  
  49  8:39  Phoenix x2  
  49  8:40  Phoenix  
  55  8:45  Protoss Air Armor Level 1, Stargate x2, Protoss Air Weapons Level 1  
  55  8:50  Anion Pulse-Crystals (Chrono Boost)  
  55  9:01  Pylon  
  55  9:04  Stargate  
  55  9:05  Probe (Chrono Boost)  
  56  9:10  Assimilator  
  56  9:15  Assimilator, Probe (Chrono Boost)  
  57  9:19  Probe (Chrono Boost)  
  56  9:31  Probe  
  57  9:41  Phoenix x4  
  57  9:42  Phoenix  
  68  9:47  Probe (Chrono Boost)  
  68  9:48  Probe (Chrono Boost)  
  69  9:58  Probe (Chrono Boost)  
  72  10:01  Probe x2 (Chrono Boost)  
  72  10:04  Phoenix  
  75  10:08  Probe (Chrono Boost)  
  75  10:09  Phoenix, Probe (Chrono Boost)  
  75  10:11  Probe (Chrono Boost)  
  79  10:19  Probe x2 (Chrono Boost)  
  79  10:20  Probe (Chrono Boost)  
  82  10:21  Phoenix x2  
  82  10:24  Probe (Chrono Boost)  
  82  10:26  Probe (Chrono Boost)  
  82  10:27  Probe (Chrono Boost)  
  89  10:34  Probe  
  90  10:37  Probe  
  91  10:46  Probe  
  91  10:49  Phoenix x3  
  98  10:52  Phoenix  
  100  10:59  Pylon x2  
  100  11:03  Pylon  
  100  11:04  Protoss Air Armor Level 2, Protoss Air Weapons Level 2  
  100  11:07  Pylon  
  100  11:40  Shield Battery  
  100  11:52  Carrier  
  100  11:53  Carrier x2  
  102  12:53  Photon Cannon  
  102  12:56  Photon Cannon  
  102  13:01  Photon Cannon  
  102  13:02  Pylon  
  102  13:08  Pylon  
  102  13:10  Carrier x5  
  102  13:11  Carrier  
  138  13:18  Pylon x2  
  138  13:21  Pylon  
  138  13:22  Pylon  
  110  15:02  Tempest x3 (Chrono Boost)  
  110  15:03  Tempest x3 (Chrono Boost)  
  140  15:13  Protoss Air Armor Level 3 (Chrono Boost), Protoss Air Weapons Level 3 (Chrono Boost)  
  140  15:23  Robotics Facility  
  140  15:30  Pylon  
  140  15:31  Pylon  
  140  15:32  Pylon  
  140  15:33  Pylon  
  140  15:41  Tempest (Chrono Boost)  
  140  15:42  Tempest x4 (Chrono Boost)  
  165  16:09  Tempest  
  171  16:11  Observer (Chrono Boost)  
  171  16:22  Tempest x5  
  138  17:11  Unknown  
  138  17:33  Carrier x6  
  86  19:41  Carrier x6  
  98  20:49  Tempest x6  
  98  20:52  Pylon  
  98  21:02  Observer (Chrono Boost)  
  129  21:16  Observer (Chrono Boost)  
  130  21:26  Photon Cannon  
  130  21:28  Photon Cannon  
  130  21:31  Tempest (Chrono Boost)  
  135  21:33  Tempest (Chrono Boost)  
  140  21:48  Tempest x2 (Chrono Boost)  
  127  23:30  Tempest x3 (Chrono Boost)  
  127  23:31  Tempest x2 (Chrono Boost)  
  157  23:41  Tempest (Chrono Boost)  
  157  24:00  Tempest  
  63  26:42  Carrier x3  
  81  27:27  Nexus  
  81  27:30  Carrier  
  81  27:31  Carrier  
  81  27:32  Carrier  
  81  27:34  Observer  
  99  27:46  Tempest x3  
  113  29:11  Assimilator  
  113  29:16  Assimilator  
  113  29:30  Observer  
  114  30:00  Nexus  
  114  30:50  Tempest x3  
  129  31:02  Assimilator  
  129  31:04  Assimilator  
  67  32:33  Carrier x2  
  67  32:34  Carrier x2  
  91  32:47  Probe (Chrono Boost)  
  92  32:57  Probe (Chrono Boost)  
  93  33:02  Probe (Chrono Boost)  
  94  33:14  Probe  
  95  33:20  Carrier  
  95  33:21  Carrier  
  95  33:26  Observer, Probe  
  91  34:38  Carrier x4 (Chrono Boost)  
  120  35:00  Tempest (Chrono Boost)  
Show
View Real Time Build Order
Export as new Build Order

MuNi Zerg - Winner!

Build Orders: Pool First 

Get SALT Encoding   

  12  0:19  Spawning Pool  
  11  0:22  Drone  
  11  0:27  Drone  
  13  0:30  Drone  
  14  0:36  Extractor  
  14  0:39  Drone  
  14  0:48  Overlord  
  14  1:06  Zergling x4  
  14  1:08  Queen  
  18  1:16  Zergling x2  
  19  1:26  Zergling x2  
  20  1:35  Metabolic Boost  
  20  1:56  Hatchery  
  20  2:01  Zergling x2  
  20  2:05  Zergling x2  
  21  2:35  Zergling x2  
  22  2:48  Overlord x2  
  20  3:17  Zergling x6  
  20  3:25  Drone x2  
  21  3:27  Queen  
  21  3:32  Lair, Drone x2  
  24  4:15  Drone x9  
  30  4:28  Drone x2  
  30  4:30  Extractor  
  31  4:36  Drone  
  31  4:37  Drone  
  33  4:57  Hatchery  
  33  4:58  Drone x8  
  40  5:12  Spire  
  39  5:18  Overlord  
  39  5:19  Overlord  
  39  5:22  Extractor  
  39  5:23  Extractor  
  33  5:30  Drone x7  
  30  5:38  Spore Crawler  
  19  5:49  Spore Crawler  
  3  6:12  Drone  
  4  6:44  Drone x2  
  6  6:54  Drone  
  7  7:04  Drone  
  8  7:20  Drone x2  
  10  7:25  Drone  
  10  7:28  Drone  
  12  7:35  Drone  
  13  7:47  Drone x2  
  15  7:56  Drone x3  
  18  8:03  Drone  
  18  8:04  Drone  
  20  8:07  Drone  
  20  8:10  Drone  
  22  8:13  Drone  
  22  8:16  Drone  
  21  8:40  Mutalisk x4  
  28  8:46  Overlord x2  
  28  8:58  Overlord x3  
  20  9:28  Drone x6  
  26  9:36  Queen  
  28  9:50  Drone x2  
  30  9:52  Zerg Flyer Weapons Level 1  
  30  9:55  Corruptor x2  
  34  10:00  Queen  
  34  10:05  Drone  
  37  10:08  Drone  
  37  10:13  Drone  
  39  10:25  Corruptor  
  41  10:32  Drone x2  
  43  10:39  Drone x2  
  45  10:44  Drone  
  45  10:45  Drone x2  
  45  10:47  Drone  
  49  11:07  Corruptor x2  
  49  11:08  Corruptor  
  55  11:12  Overlord  
  55  11:36  Drone x6  
  61  11:50  Zerg Flyer Weapons Level 2  
  61  11:52  Drone x4  
  63  12:33  Hatchery  
  62  12:41  Corruptor  
  62  12:42  Corruptor x6  
  74  13:08  Zergling x2  
  74  13:09  Zergling x2  
  74  13:10  Overlord  
  74  13:11  Overlord  
  76  13:13  Overseer x3  
  76  13:14  Overseer x2  
  76  13:20  Lair  
  76  13:21  Evolution Chamber  
  76  13:22  Evolution Chamber  
  74  14:10  Corruptor, Zerg Melee Weapons Level 1  
  74  14:11  Corruptor x6, Zerg Ground Armor Level 1  
  74  14:12  Corruptor x2  
  84  14:33  Corruptor  
  84  14:34  Corruptor  
  76  15:01  Overlord x2  
  76  15:02  Overlord x5  
  68  15:18  Overlord x5  
  68  15:23  Overseer x3  
  68  15:58  Corruptor x7  
  82  16:11  Corruptor x4  
  54  17:22  Zergling x10  
  59  17:23  Zergling x12  
  65  17:32  Hatchery  
  65  17:34  Hatchery  
  63  17:37  Zergling x2  
  63  17:38  Zergling x8  
  63  17:39  Zerg Melee Weapons Level 2, Zerg Ground Armor Level 2  
  68  17:46  Extractor  
  68  17:49  Infestation Pit  
  39  18:32  Zergling x12  
  34  18:45  Mutalisk  
  34  18:46  Mutalisk x2  
  40  18:53  Queen  
  40  18:54  Queen  
  44  18:55  Drone  
  44  18:56  Drone x3  
  48  19:06  Overseer x2  
  48  19:07  Overseer x2  
  48  19:12  Mutalisk  
  48  19:13  Mutalisk x4  
  58  19:38  Mutalisk x4  
  58  19:39  Mutalisk x7  
  80  19:46  Spine Crawler  
  80  19:47  Spore Crawler  
  80  19:51  Spore Crawler  
  77  19:59  Drone x5  
  82  20:06  Mutalisk  
  84  20:07  Mutalisk x3  
  90  20:20  Corruptor  
  90  20:21  Corruptor  
  94  20:40  Drone x9  
  94  20:41  Drone  
  54  21:17  Zergling x6  
  54  21:18  Zergling x18  
  55  21:41  Mutalisk  
  55  21:42  Mutalisk x2  
  60  22:07  Corruptor  
  60  22:08  Corruptor x2  
  57  22:25  Drone x5  
  52  23:08  Hatchery  
  51  23:31  Drone x6  
  57  24:10  Drone x6  
  61  24:39  Corruptor  
  61  24:40  Corruptor  
  65  25:00  Extractor  
  65  25:02  Extractor  
  61  25:39  Zergling x18  
  70  26:09  Zergling x6  
  70  26:10  Zergling x6  
  70  27:27  Mutalisk x5  
  73  27:58  Drone  
  73  27:59  Drone x7  
  79  28:22  Mutalisk  
  79  28:23  Mutalisk x3  
  79  28:24  Zergling x2  
  79  28:25  Zergling x4  
  90  28:43  Zergling x2  
  90  28:44  Zergling x8  
  90  29:16  Zergling x8  
  90  29:17  Zergling x6  
  69  29:53  Zergling x18  
  76  30:06  Zergling x2  
  77  30:07  Zergling x4  
  79  30:37  Zergling x2  
  79  30:38  Zergling x14  
Show
View Real Time Build Order
Export as new Build Order

Xetega Protoss 

Build Orders: Oracle Opening 

Get SALT Encoding   

  12  0:01  Probe  
  13  0:18  Pylon  
  13  0:20  Probe  
  14  0:39  Gateway  
  14  0:42  Probe  
  15  0:47  Assimilator  
  15  0:51  Assimilator  
  15  0:54  Probe  
  16  1:06  Probe  
  17  1:18  Probe  
  18  1:28  Cybernetics Core  
  18  1:30  Probe  
  19  1:42  Probe  
  20  1:55  Probe  
  21  2:07  Probe  
  21  2:08  Stargate  
  22  2:10  Stargate  
  22  2:14  Pylon  
  22  2:19  Probe  
  22  2:31  Zealot (Chrono Boost)  
  22  2:36  Forge  
  24  2:42  Pylon  
  24  2:55  Oracle  
  21  3:35  Photon Cannon  
  21  4:08  Oracle (Chrono Boost)  
  24  4:26  Photon Cannon  
  24  4:34  Oracle (Chrono Boost)  
  27  4:45  Photon Cannon  
  27  4:57  Pylon  
Show
View Real Time Build Order
Export as new Build Order

sergiy Terran 

Build Orders:  

Get SALT Encoding   

  12  0:03  SCV  
  13  0:29  Refinery  
  13  0:32  SCV  
  14  0:55  Refinery  
  14  1:18  Supply Depot  
  14  1:19  Supply Depot  
  14  1:21  SCV  
  15  1:39  SCV  
  16  1:41  Supply Depot  
  16  1:45  Supply Depot  
  16  1:51  SCV  
  6  3:33  Barracks  
  6  4:36  Barracks  
  6  5:34  Marine  
  7  5:40  Marine  
  8  5:52  Marine  
  9  5:58  Marine  
  10  6:09  Marine  
  11  6:15  Marine  
  12  6:22  Bunker  
  12  6:27  Marine  
  13  6:33  Marine  
  14  6:45  Marine  
  15  7:00  Bunker  
  15  8:33  Barracks Reactor  
  15  9:24  Barracks Tech Lab  
  15  9:43  Barracks Reactor  
  15  9:54  Supply Depot  
  15  10:16  SCV  
  16  10:50  SCV  
  17  11:02  SCV  
  17  11:04  Supply Depot  
  18  11:14  SCV  
  19  11:26  SCV  
  20  11:38  SCV  
  21  11:59  SCV  
  21  12:00  Refinery x2  
  22  12:11  SCV  
  23  27:18  Refinery  
  23  27:20  Refinery  
  23  27:29  Command Center  
Show
View Real Time Build Order
Export as new Build Order

IIIIIIIIIIII Protoss 

Build Orders: Nexus First, Carriers 

Get SALT Encoding   

  12  0:00  Probe (Chrono Boost)  
  13  0:10  Probe (Chrono Boost)  
  14  0:16  Probe  
  15  0:48  Nexus  
  15  0:53  Pylon  
  15  1:11  Probe (Chrono Boost)  
  15  1:14  Forge  
  15  1:17  Pylon  
  16  1:23  Probe (Chrono Boost)  
  17  1:30  Probe (Chrono Boost)  
  18  1:38  Probe  
  19  1:50  Probe  
  19  1:52  Photon Cannon  
  20  2:00  Probe  
  21  2:02  Probe  
  22  2:12  Probe  
  22  2:14  Probe  
  24  2:24  Probe  
  24  2:25  Pylon  
  24  2:26  Probe  
  26  2:34  Photon Cannon  
  26  2:36  Probe  
  27  2:38  Probe  
  27  2:39  Gateway  
  27  2:42  Assimilator  
  28  2:45  Photon Cannon  
  28  2:48  Assimilator  
  28  2:49  Probe  
  28  2:50  Probe  
  30  2:55  Assimilator  
  30  2:57  Assimilator  
  30  3:02  Probe x2 (Chrono Boost)  
  32  3:15  Probe (Chrono Boost)  
  32  3:19  Probe (Chrono Boost)  
  34  3:21  Probe (Chrono Boost)  
  34  3:25  Probe  
  34  3:26  Photon Cannon  
  36  3:27  Pylon  
  36  3:29  Probe  
  37  3:35  Cybernetics Core  
  37  3:41  Pylon  
  37  3:44  Probe  
  38  3:57  Probe  
  39  4:10  Photon Cannon  
  39  4:13  Stargate  
  39  4:14  Stargate  
  39  4:16  Stargate  
  39  4:19  Stargate  
  39  4:23  Photon Cannon  
  39  4:25  Probe  
  39  4:30  Shield Battery  
  40  4:35  Pylon  
  40  4:37  Probe x2  
  42  4:49  Probe  
  42  4:52  Void Ray (Chrono Boost)  
  43  4:55  Void Ray (Chrono Boost)  
  51  5:07  Void Ray (Chrono Boost)  
  51  5:08  Void Ray (Chrono Boost)  
  59  5:25  Void Ray (Chrono Boost)  
  63  5:35  Nexus  
  63  5:41  Pylon  
  63  5:42  Pylon, Void Ray  
  67  5:53  Void Ray  
  67  6:00  Void Ray  
  75  6:16  Void Ray  
  75  6:20  Assimilator  
  75  6:22  Assimilator  
  75  6:24  Probe x2  
  81  6:27  Void Ray  
  81  6:36  Probe  
  86  6:46  Probe  
  87  6:48  Probe  
  87  6:49  Void Ray  
  88  6:56  Probe  
  88  6:58  Probe  
  88  7:00  Probe  
  95  7:08  Probe  
  95  7:10  Probe  
  95  7:12  Probe  
  95  7:15  Photon Cannon  
  98  7:20  Probe  
  98  7:21  Fleet Beacon  
  99  7:23  Probe  
  99  7:24  Probe  
  98  7:52  Probe  
  98  7:53  Probe x2  
  98  7:54  Flux Vanes  
  98  7:57  Pylon  
  101  7:59  Pylon  
  101  8:15  Probe x2, Protoss Air Weapons Level 1 (Chrono Boost)  
  101  8:16  Carrier  
  101  8:17  Carrier, Probe  
  116  8:32  Carrier  
  114  8:56  Probe  
  114  8:57  Probe x2  
  117  9:14  Pylon  
  117  9:16  Pylon  
  117  9:17  Pylon  
  117  9:19  Pylon  
  117  9:21  Probe x2  
  117  9:22  Carrier, Pylon  
  113  9:25  Carrier  
  113  9:38  Nexus, Carrier  
  113  9:47  Pylon  
  113  9:49  Pylon  
  113  9:52  Probe x3  
  116  10:04  Probe x3  
  119  10:10  Stargate  
  119  10:12  Stargate  
  119  10:13  Protoss Air Weapons Level 2 (Chrono Boost)  
  119  10:16  Stargate  
  119  10:27  Probe x2  
  119  10:28  Probe  
  122  10:32  Assimilator  
  122  10:33  Assimilator  
  122  10:36  Protoss Shields Level 1  
  122  10:38  Carrier  
  122  10:39  Probe x2  
  130  10:53  Cybernetics Core  
  136  10:57  Carrier  
  136  11:06  Carrier  
  142  11:14  Carrier  
  148  11:24  Carrier  
  148  11:25  Carrier  
  160  11:38  Protoss Air Armor Level 1 (Chrono Boost), Carrier  
  166  11:44  Nexus  
  166  11:45  Pylon  
  166  11:47  Pylon  
  166  11:53  Carrier  
  178  12:01  Carrier  
  178  12:22  Carrier x2  
  186  12:41  Carrier  
  186  12:42  Carrier  
  198  13:05  Protoss Air Weapons Level 3 (Chrono Boost)  
  198  13:12  Assimilator  
  198  13:13  Assimilator  
  198  13:32  Stargate  
  196  13:35  Stargate  
  196  13:37  Carrier  
  196  13:39  Carrier  
  182  13:51  Carrier x2  
  194  14:15  Carrier  
  152  14:50  Carrier x3  
  152  14:56  Carrier  
  152  14:57  Carrier  
  158  15:06  Carrier  
  152  15:17  Carrier  
  158  15:28  Probe (Chrono Boost)  
  159  15:36  Protoss Air Armor Level 2 (Chrono Boost)  
  159  15:38  Probe (Chrono Boost)  
  159  15:40  Probe x4 (Chrono Boost)  
  164  15:43  Probe (Chrono Boost)  
  164  15:44  Carrier  
  164  15:49  Probe x2  
  175  15:50  Carrier, Probe x2  
  175  15:54  Probe  
  182  15:58  Carrier  
  188  16:06  Probe  
  188  16:10  Carrier  
  111  17:10  Void Ray  
  111  17:11  Void Ray x6  
  111  17:12  Void Ray x2  
  123  17:48  Void Ray x5  
  143  18:08  Protoss Air Armor Level 3  
  119  18:27  Void Ray x4  
  135  18:37  Void Ray  
  135  18:43  Void Ray  
  135  18:52  Void Ray  
  131  18:58  Void Ray  
  133  19:13  Assimilator  
  117  19:25  Assimilator  
  101  19:44  Void Ray  
  101  19:45  Void Ray x4  
  121  19:53  Nexus  
  121  20:02  Void Ray x2  
  121  20:10  Probe  
  121  20:11  Probe x4  
  121  20:13  Void Ray  
  133  20:15  Void Ray  
  140  20:22  Probe  
  140  20:23  Probe x3, Void Ray  
  142  20:33  Nexus  
  145  20:36  Void Ray  
  145  20:37  Pylon  
  145  20:40  Pylon  
  145  20:42  Void Ray  
  149  20:43  Assimilator  
  149  20:48  Assimilator  
  137  20:57  Void Ray  
  129  21:08  Void Ray x2  
  129  21:18  Void Ray  
  141  21:27  Void Ray  
  141  21:34  Void Ray  
  149  21:58  Void Ray x2  
  156  22:11  Probe  
  156  22:12  Void Ray  
  156  22:15  Probe  
  156  22:16  Probe x4  
  154  22:23  Probe  
  154  22:28  Probe x5  
  160  22:35  Probe  
  161  22:47  Probe  
  161  22:49  Void Ray (Chrono Boost)  
  161  22:51  Void Ray (Chrono Boost)  
  126  22:59  Probe  
  126  23:00  Void Ray (Chrono Boost)  
  127  23:06  Probe  
  127  23:08  Void Ray (Chrono Boost)  
  136  23:26  Void Ray (Chrono Boost)  
  140  23:30  Void Ray (Chrono Boost)  
  144  23:41  Void Ray  
  148  23:52  Void Ray  
  124  24:20  Carrier  
  120  24:34  Void Ray x2  
  94  24:47  Void Ray  
  39  25:24  Void Ray  
  24  25:55  Nexus  
  24  26:03  Nexus  
  24  26:18  Nexus  
  18  26:29  Nexus  
  18  26:41  Probe x2  
  20  26:53  Assimilator, Probe  
  20  26:54  Probe  
  22  26:57  Assimilator  
  22  27:05  Probe  
  22  27:06  Probe  
  24  27:09  Assimilator  
  24  27:13  Assimilator  
  24  27:17  Probe  
  24  27:18  Probe  
  26  27:23  Assimilator  
  26  27:27  Assimilator  
  26  27:29  Probe  
  27  27:30  Probe  
  28  27:42  Assimilator  
  28  27:45  Nexus  
  28  27:49  Assimilator  
  24  28:08  Probe x4  
  28  28:20  Probe x4  
  32  28:31  Void Ray x2  
  32  28:32  Probe x3  
  32  28:33  Probe  
  44  28:44  Void Ray, Probe x3  
  44  28:45  Probe  
  47  28:56  Probe x2  
  47  28:57  Probe x2  
  48  29:07  Void Ray  
  48  29:08  Probe  
  48  29:09  Probe x3  
  52  29:35  Void Ray  
  52  29:39  Void Ray  
  57  29:57  Probe x2  
  57  29:58  Probe  
Show
View Real Time Build Order
Export as new Build Order

Woosixion Zerg 

Build Orders: Pool First 

Get SALT Encoding   

  12  0:00  Drone  
  13  0:12  Overlord  
  13  0:16  Drone  
  14  0:31  Drone x2  
  14  0:34  Drone  
  17  0:46  Drone  
  18  0:50  Spawning Pool  
  18  0:56  Drone  
  18  1:01  Extractor  
  17  1:07  Drone  
  18  1:19  Drone  
  18  1:20  Hatchery  
  18  1:28  Drone  
  19  1:39  Drone, Queen  
  22  1:50  Overlord  
  22  2:07  Hatchery  
  22  2:08  Zergling x2  
  22  2:11  Metabolic Boost  
  22  2:14  Zergling x2  
  24  2:22  Zergling x2  
  24  2:27  Queen  
  25  2:40  Spine Crawler  
  24  2:44  Spine Crawler  
  23  2:52  Spine Crawler  
  22  2:59  Spine Crawler  
  19  3:08  Drone x4  
  19  3:09  Drone  
  24  3:18  Zergling x4  
  26  3:20  Zergling x2  
  25  3:32  Queen  
  27  3:39  Zergling x2  
  28  3:41  Overlord  
  26  4:02  Zergling x2  
  26  4:03  Zergling x6  
  26  4:04  Zergling x6  
  26  4:05  Zergling x2  
  31  4:22  Overlord  
  30  4:27  Zergling x2  
  28  4:48  Hatchery  
  28  4:49  Baneling Nest  
  26  5:16  Zergling x4  
  26  5:17  Zergling x4  
  30  5:22  Zergling x2  
  29  5:38  Baneling  
  29  5:42  Zergling x4  
  30  5:52  Zergling x2  
  27  5:58  Zergling x6  
  30  6:12  Zergling x6  
  34  6:18  Zergling x2  
  32  6:32  Zergling x8  
  33  6:35  Baneling x3  
  33  6:36  Baneling x2  
  33  6:41  Zergling x10  
  38  6:48  Zergling x2  
  38  6:54  Zergling x6  
  42  6:55  Zergling x2  
  43  7:02  Burrow  
  43  7:26  Hatchery  
  43  7:29  Drone  
  43  7:36  Overlord x2  
  43  8:06  Drone  
  43  8:07  Drone x10  
  54  8:19  Overlord  
  54  8:25  Overlord  
  54  8:31  Drone x5  
  59  8:54  Queen, Overlord  
  61  9:05  Drone  
  61  9:06  Drone x10  
  72  9:11  Drone  
  72  9:18  Drone  
  72  9:20  Overlord  
  73  9:26  Drone x3  
  73  9:28  Drone x3  
  73  9:30  Drone  
  80  9:39  Overlord  
  80  9:41  Drone  
  80  9:42  Drone  
  82  9:47  Drone x3  
  85  9:56  Lair  
  85  9:58  Drone x7  
  92  10:00  Drone  
  92  10:02  Drone  
  92  10:05  Drone  
  95  10:13  Drone  
  96  10:16  Drone x2  
  98  10:23  Extractor x2  
  98  10:24  Extractor  
  98  10:27  Extractor x2  
  93  10:28  Roach Warren  
  93  10:30  Drone x12  
  93  10:31  Evolution Chamber  
  93  10:33  Evolution Chamber  
  102  10:36  Hatchery  
  102  10:40  Pneumatized Carapace  
  101  10:59  Zerg Ground Armor Level 1  
  101  11:11  Glial Reconstitution  
  101  11:13  Overlord x4  
  101  11:14  Overlord x4  
  101  11:19  Zergling x2  
  101  11:20  Zergling x2, Hatchery  
  102  11:35  Zerg Missile Weapons Level 1  
  102  11:49  Queen  
  104  11:55  Extractor  
  104  11:57  Extractor  
  104  11:59  Infestation Pit  
  104  12:00  Roach x6  
  104  12:01  Roach x14  
  141  12:10  Overlord x3  
  141  12:15  Spire  
  140  12:35  Pathogen Glands, Hatchery  
  139  12:42  Hive  
  137  13:09  Zerg Ground Armor Level 2  
  137  13:22  Infestor  
  137  13:23  Infestor x7  
  153  13:28  Zerg Flyer Weapons Level 1  
  153  13:32  Extractor  
  152  13:35  Extractor, Neural Parasite  
  152  13:39  Drone x3  
  152  13:40  Drone x4  
  158  13:43  Hatchery  
  157  13:49  Centrifugal Hooks  
  157  13:57  Zerg Missile Weapons Level 2  
  157  14:00  Ravager  
  157  14:01  Ravager x3  
  160  14:03  Overlord x3  
  160  14:06  Ravager x2  
  162  14:11  Extractor  
  161  14:18  Ravager  
  161  14:19  Ravager x3  
  161  14:20  Ravager  
  166  14:36  Extractor  
  166  14:38  Roach x6  
  167  14:39  Roach x11  
  199  14:46  Ravager  
  200  15:16  Adrenal Glands  
  200  15:21  Tunneling Claws  
  200  15:24  Greater Spire  
  200  15:38  Overseer x3  
  200  16:17  Zerg Missile Weapons Level 3, Zerg Ground Armor Level 3  
  194  16:57  Overlord  
  194  16:59  Infestor x8  
  193  17:18  Infestor x3  
  199  17:26  Spore Crawler  
  199  17:27  Spore Crawler  
  199  17:28  Spore Crawler  
  196  17:30  Spore Crawler x2  
  196  17:31  Spore Crawler, Infestor x2  
  196  17:32  Spore Crawler  
  196  17:33  Spore Crawler  
  196  17:35  Spore Crawler  
  196  17:36  Spore Crawler x5  
  189  17:39  Spore Crawler  
  189  17:42  Spore Crawler, Ravager  
  189  17:43  Ravager x7  
  194  17:44  Overlord x2  
  175  18:07  Roach x16  
  175  18:11  Infestor  
  175  18:12  Infestor x11  
  176  18:35  Infestor x2  
  176  18:36  Ravager x2  
  176  18:37  Ravager, Infestor x5  
  176  18:38  Corruptor, Infestor x5  
  176  18:39  Corruptor x2  
  193  19:30  Corruptor  
  193  19:31  Corruptor x6  
  187  19:34  Zerg Flyer Weapons Level 2  
  189  19:43  Infestor x5  
  189  19:44  Infestor  
  199  19:57  Zerg Melee Weapons Level 1  
  120  21:08  Roach x16  
  120  21:09  Roach x13, Infestor x4  
  120  21:10  Infestor x3  
  175  21:15  Roach  
  175  21:16  Roach x5  
  187  21:21  Corruptor x4  
  187  21:23  Brood Lord  
  187  21:25  Brood Lord  
  199  21:55  Zerg Melee Weapons Level 2  
  181  22:18  Infestor  
  161  22:34  Roach x7  
  161  22:35  Roach  
  125  22:39  Roach  
  125  22:42  Corruptor  
  125  22:43  Corruptor x16  
  125  22:55  Ravager x8  
  130  23:02  Drone x5  
  130  23:03  Drone x2  
  132  23:11  Infestor x2  
  121  23:19  Drone  
  113  23:20  Drone x2  
  114  23:39  Drone  
  115  23:51  Roach  
  115  23:52  Roach x5  
  127  24:08  Ravager  
  127  24:09  Roach x3  
  138  24:10  Roach x6  
  138  24:13  Infestor  
  138  24:14  Infestor  
  146  24:26  Ravager x4  
  146  24:27  Ravager x2  
  146  24:31  Ravager  
  149  24:32  Infestor x4  
  149  24:33  Infestor  
  149  24:35  Ravager x5  
  164  24:42  Infestor x3  
  170  24:55  Infestor x4  
  170  24:59  Infestor x3  
  184  25:22  Roach  
  184  25:23  Roach x6  
  137  25:50  Roach x4  
  137  25:53  Ravager x2  
  137  25:54  Ravager x3  
  151  25:57  Ravager x2  
  126  26:31  Roach  
  126  26:32  Roach x14  
  156  26:37  Infestor x13  
  156  26:44  Hatchery  
  155  27:06  Ravager  
  156  27:10  Ravager x2  
  156  27:11  Ravager x7  
  156  27:12  Ravager x3  
  168  27:31  Extractor, Overseer  
  167  28:10  Infestor  
  169  28:50  Roach  
  169  28:51  Roach x10  
  191  29:05  Hatchery  
  190  29:52  Overlord  
  164  31:14  Ravager  
  92  31:53  Roach x7  
  92  31:54  Roach x5  
  116  31:59  Ravager x4  
  120  32:06  Infestor x2  
  111  32:27  Infestor x6  
  120  33:08  Roach x2  
  120  33:09  Roach x2  
  128  33:16  Roach  
  128  33:17  Roach  
  91  34:21  Infestor x6  
  91  34:23  Roach  
  73  34:25  Corruptor  
Tags
 
Add a new tag
Caveats
  • Supply blocks, unpowered buildings, or Contaminate may cause inaccurate times.
  • Supply counts are checked every 10 seconds.